 Dungeon Crawl Stone Soup version 0.23.2-33-g5129a83184 (webtiles) character file.

Game seed: 3545152042365446691

224 troglodite the Ducker (level 6, -3/53 HPs)
             Began as a Gnoll Monk on July 11, 2019.
             Slain by an orc
             ... wielding a +0 flail
              (7 damage)
             ... on level 3 of the Dungeon.
             The game lasted 00:09:51 (3908 turns).

troglodite the Ducker (Gnoll Monk)                  Turns: 3908, Time: 00:09:52

Health: -3/53      AC:  4    Str: 14    XL:     6   Next: 0%
Magic:  8/8        EV: 17    Int: 13    God:
Gold:   153        SH:  0    Dex: 18    Spells: 8/8 levels left

rFire    . . .     SeeInvis .   a - +0 spear
rCold    . . .     Gourm    .   (no shield)
rNeg     . . .     Faith    .   j - +0 robe (curse)
rPois    .         Spirit   .   q - +0 helmet
rElec    .         Reflect  .   f - scarf {cloud immunity}
rCorr    .         Harm     .   r - +0 pair of gloves
MR       .....                  (no boots)
Stlth    +++.......             (no amulet)
HPRegen  0.17/turn              (no ring)
MPRegen  0.11/turn              (no ring)

@: no status effects
A: distributed training, fangs 1, strong nose
a: no special abilities


You were on level 3 of the Dungeon.
You were hungry.

You visited 1 branch of the dungeon, and saw 4 of its levels.

You collected 153 gold pieces.

Inventory:

Hand Weapons
 a - a +0 spear (weapon)
Missiles
 i - 8 javelins (quivered)
 t - 3 tomahawks of returning
Armour
 f - a scarf of cloud immunity (worn)
 j - a cursed +0 robe (worn)
 q - a +0 helmet (worn)
 r - a +0 pair of gloves (worn)
Wands
 p - a wand of flame (24)
Scrolls
 b - a scroll of random uselessness {unknown}
 e - 6 scrolls of identify {unknown}
 l - a scroll of fear {unknown}
 m - a scroll of blinking {unknown}
 n - a scroll of magic mapping {unknown}
 o - a scroll of teleportation {unknown}
Potions
 d - a potion of brilliance
 g - a potion of heal wounds
 h - 2 potions of flight {unknown}
 k - 2 potions of haste
Comestibles
 c - 7 rations


   Skills:
 + Level 6.7 Fighting
 + Level 1.6 Short Blades
 + Level 1.6 Long Blades
 + Level 1.6 Axes
 + Level 1.6 Maces & Flails
 + Level 6.7 Polearms
 + Level 1.6 Staves
 + Level 1.6 Slings
 + Level 1.6 Bows
 + Level 1.6 Crossbows
 + Level 1.6 Throwing
 + Level 1.6 Armour
 + Level 6.7 Dodging
 + Level 4.5 Stealth
 + Level 1.6 Shields
 + Level 1.6 Unarmed Combat
 + Level 1.6 Spellcasting
 + Level 1.3 Conjurations
 + Level 1.3 Hexes
 + Level 1.3 Charms
 + Level 1.3 Summonings
 + Level 1.3 Necromancy
 + Level 1.3 Translocations
 + Level 1.3 Transmutations
 + Level 1.3 Fire Magic
 + Level 1.3 Ice Magic
 + Level 1.3 Air Magic
 + Level 1.3 Earth Magic
 + Level 1.3 Poison Magic
 + Level 1.9 Invocations
 + Level 1.6 Evocations


You had 8 spell levels left.
You didn't know any spells.
Your spell library was empty.

Dungeon Overview and Level Annotations

Branches:
Dungeon (4/15)
 Temple: D:4-7

Altars:

Annotations:
D:4 Grinder


Innate Abilities, Weirdness & Mutations

Your experience applies equally to all skills.
You have very sharp teeth.
Your uncanny sense of smell can sniff out nearby items.


Message History

The orc wizard mumbles some strange words.
The orc wizard blinks!
There is a stone staircase leading up, spattered with blood here.
The orc misses you. x2; Grinder blinks!
You climb upwards.
There is a stone staircase leading down, spattered with blood here.
You hit the orc. Your bite misses the orc.
The orc is severely wounded.
The orc closely misses you. The orc hits you with a +0 flail.
* * * LOW HITPOINT WARNING * * *
You puncture the orc!
You kill the orc!
You have reached level 6!
Your experience leads to an increase in your attributes!
Increase (S)trength, (I)ntelligence, or (D)exterity?
You feel clever.
You hit the orc.
The orc is almost dead.
The orc hits you with a +0 flail!
You die...

#.# ######.#...............#####.
#.# #...#####.##............ #.##
##.## #.##.####.###.##
...#######...#####.##.####.###.##
.#...............#.##............
...#######...###.#.##.##.###.##.#
#### ##.## #)#.##............ #.#
#o#.##.##.#.##.#.# #.#
#@#.##.##.......(# #.#
#)#.##....#.#..... #.#
#......##.#......# #.#
##.###.##รท(.#..... #.# #.#
#.##.#.#.#.## ###########.# #.#
#....#....... ............#
###.###.##.#.#.##.#
###############...##..##.........
#############.....##..##(#.##.###


You could see an orc.

Vanquished Creatures
  A hound (D:3)
  An orc wizard (D:3)
  Robin (D:2)
  4 adders
  A worm (D:2)
  A dart slug (D:1)
  4 leopard geckos
  13 orcs (D:3)
  2 giant cockroaches (D:1)
  13 goblins
  17 hobgoblins
  6 jackals
  6 kobolds
  2 quokkas
  A ball python (D:3)
  6 bats
  9 frilled lizards
  6 rats
94 creatures vanquished.

Notes
Turn   | Place    | Note
-------+----------+-------------------------------------------
     0 | D:1      | troglodite the Gnoll Monk began the quest for the Orb.
     0 | D:1      | Reached XP level 1. HP: 23/23 MP: 1/1
    63 | D:1      | Reached XP level 2. HP: 26/29 MP: 2/2
   250 | D:1      | Reached XP level 3. HP: 31/35 MP: 3/3
   468 | D:1      | Reached skill level 1 in Invocations
   968 | D:2      | Reached skill level 1 in Short Blades
   968 | D:2      | Reached skill level 1 in Long Blades
   968 | D:2      | Reached skill level 1 in Axes
   968 | D:2      | Reached skill level 1 in Maces & Flails
   968 | D:2      | Reached skill level 1 in Staves
   968 | D:2      | Reached skill level 1 in Slings
   968 | D:2      | Reached skill level 1 in Bows
   968 | D:2      | Reached skill level 1 in Crossbows
   968 | D:2      | Reached skill level 1 in Throwing
   968 | D:2      | Reached skill level 1 in Armour
   968 | D:2      | Reached skill level 1 in Shields
   968 | D:2      | Reached skill level 1 in Unarmed Combat
   968 | D:2      | Reached skill level 1 in Spellcasting
   968 | D:2      | Reached skill level 1 in Evocations
  1405 | D:2      | Reached XP level 4. HP: 41/41 MP: 5/5
  1642 | D:3      | Noticed Robin
  1803 | D:2      | Killed Robin
  1969 | D:3      | Reached skill level 1 in Conjurations
  1969 | D:3      | Reached skill level 1 in Hexes
  1969 | D:3      | Reached skill level 1 in Charms
  1969 | D:3      | Reached skill level 1 in Summonings
  1969 | D:3      | Reached skill level 1 in Necromancy
  1969 | D:3      | Reached skill level 1 in Translocations
  1969 | D:3      | Reached skill level 1 in Transmutations
  1969 | D:3      | Reached skill level 1 in Fire Magic
  1969 | D:3      | Reached skill level 1 in Ice Magic
  1969 | D:3      | Reached skill level 1 in Air Magic
  1969 | D:3      | Reached skill level 1 in Earth Magic
  1969 | D:3      | Reached skill level 1 in Poison Magic
  2189 | D:3      | Reached XP level 5. HP: 44/47 MP: 6/6
  3220 | D:4      | Noticed Grinder
  3403 | D:4      | Paralysed by Grinder for 3 turns
  3454 | D:4      | Paralysed by Grinder for 2 turns
  3870 | D:4      | Paralysed by Grinder for 4 turns
  3897 | D:4      | Paralysed by Grinder for 4 turns
  3907 | D:3      | Reached XP level 6. HP: 3/53 MP: 8/8
  3908 | D:3      | Slain by an orc

Skill      XL: |  1  2  3  4 |
---------------+-------------+-----
Invocations    | 1 |  1.9
Short Blades   | 1 |  1.6
Long Blades    | 1 |  1.6
Axes           | 1 |  1.6
Maces & Flails | 1 |  1.6
Staves         | 1 |  1.6
Slings         | 1 |  1.6
Bows           | 1 |  1.6
Crossbows      | 1 |  1.6
Throwing       | 1 |  1.6
Armour         | 1 |  1.6
Shields        | 1 |  1.6
Unarmed Combat | 1 |  1.6
Spellcasting   | 1 |  1.6
Evocations     | 1 |  1.6
Conjurations   | 1 |  1.3
Hexes          | 1 |  1.3
Charms         | 1 |  1.3
Summonings     | 1 |  1.3
Necromancy     | 1 |  1.3
Translocations | 1 |  1.3
Transmutations | 1 |  1.3
Fire Magic     | 1 |  1.3
Ice Magic      | 1 |  1.3
Air Magic      | 1 |  1.3
Earth Magic    | 1 |  1.3
Poison Magic   | 1 |  1.3
Fighting       | |  6.7
Polearms       | |  6.7
Dodging        | |  6.7
Stealth        | |  4.5

Action                   |  1- 3 |  4- 6 || total
-------------------------+-------+-------++-------
Melee: Spear             |   172 |   239 ||   411
       Bite              |    19 |    28 ||    47
       Punch             |     2 |       ||     2
  Use: Potion            |       |     3 ||     3
 Stab: Sleeping          |     8 |     7 ||    15
       Distracted        |       |     1 ||     1
  Eat: Chunk             |     2 |     7 ||     9
Armor: Robe              |    14 |    30 ||    44
Dodge: Dodged            |    89 |   173 ||   262
